 Dungeon Crawl Stone Soup version 0.21.0-3-g78d12a8 (webtiles) character file.

71 unrecovered the Skirmisher (level 4, -8/45 HPs)
             Began as an Ogre Wanderer on Jan 14, 2018.
             Mangled by Sigmund
             ... wielding a +0 scythe
              (14 damage)
             ... on level 2 of the Dungeon.
             The game lasted 00:09:27 (1838 turns).

unrecovered the Skirmisher (Ogre Wanderer)          Turns: 1838, Time: 00:09:28

Health: -8/45      AC:  3    Str: 20    XL:     4   Next: 24%
Magic:  0/5        EV:  9    Int: 12    God:
Gold:   68         SH:  0    Dex:  6    Spells: 3/5 levels left

rFire    . . .     SeeInvis .   e - +0 club
rCold    . . .     Gourm    .   (no shield)
rNeg     . . .     Faith    .   d - +0 robe
rPois    .         Spirit   .   (helmet restricted)
rElec    .         Reflect  .   (no cloak)
rCorr    .         Harm     .   (gloves unavailable)
MR       .....                  (boots unavailable)
Stlth    +.........             (no amulet)
HPRegen  0.15/turn              (no ring)
MPRegen  0.09/turn              (no ring)

@: very slightly contaminated, hasted, very quick
A: large, unfitting armour, tough skin 1
a: no special abilities


You were on level 2 of the Dungeon.
You were not hungry.

You visited 1 branch of the dungeon, and saw 2 of its levels.

You collected 68 gold pieces.

Inventory:

Hand Weapons
 e - a +0 club (weapon)
Missiles
 l - 4 tomahawks (quivered)
Armour
 d - a +0 robe (worn)
Scrolls
 h - a scroll of remove curse {unknown}
 i - 2 scrolls of teleportation {unknown}
 m - a scroll of identify {unknown}
Books
 a - a book of Changes

   Spells                             Type                      Level
   a - Beastly Appendage              Transmutation                1
   b - Sticks to Snakes               Transmutation                2
   c - Spider Form                    Transmutation/Poison         3
   d - Ice Form                       Ice/Transmutation            4
   e - Blade Hands                    Transmutation                5
 b - the Disquisition on Black Arts

   Spells                             Type                      Level
   a - Animate Skeleton               Necromancy                   1
   b - Vampiric Draining              Necromancy                   3
 c - Sif Muna's Compendium of Weightlessness

   Spells                             Type                      Level
   a - Shock                          Conjuration/Air              1
   b - Mephitic Cloud                 Conjuration/Poison/Air       3
Comestibles
 f - 5 rations
 j - a chunk of flesh


   Skills:
 + Level 3.3 Fighting
 + Level 2.2 Maces & Flails
 - Level 1.0 Stealth
 - Level 1.2 Spellcasting
 - Level 1.0 Conjurations
   Level 2.6 Charms
   Level 1.7 Transmutations
 - Level 1.0 Air Magic
   Level 1.0 Evocations


You had 3 spell levels left.
You knew the following spells:

 Your Spells              Type           Power        Failure   Level  Hunger
a - Shock                 Conj/Air       #...         21%         1    ##.....
b - Animate Skeleton      Necr           N/A          30%         1    ##.....


Dungeon Overview and Level Annotations

Branches:
Dungeon (2/15)

Altars:

Annotations:
D:2 Sigmund


Innate Abilities, Weirdness & Mutations

You are too large for most types of armour.
You have tough skin. (AC +1)


Message History

Press: ? - help, Shift-Dir - straight line The zap hits something.
Casting: Shock
Confirm with . or Enter, or press ? or * to list all spells.
Aiming: Shock
Press: ? - help, Shift-Dir - straight line The zap hits something. x2; Something hits you!
Casting: Shock
Confirm with . or Enter, or press ? or * to list all spells.
Aiming: Shock
Press: ? - help, Shift-Dir - straight line The zap hits something.
You barely miss something. Something hits you.
You closely miss something. Something hits you but does no damage.
You barely miss something. You miss something. Something hits you!
* * * LOW HITPOINT WARNING * * *
You miss something. You miss something. Something hits you!
You die...

##.## ##...#####
#........#
#.....##.#
#..{).##.#
############
##...###.#
...........### ##(##
#.# #
#.........#####.#
#.#
####.###.#[#....@{.#
#.#
##.............###.#
#.# ##.#.###.#.#.#.#
#.# #.#
...[..##.....#.# #.#
#.# ...#.#####.###.#
#.# #.# ######
#.###.###.####.# #
#..............# #
################ #


There were no monsters in sight!

Vanquished Creatures
  Jessica (D:2)
  2 dart slugs (D:1)
  A leopard gecko (D:1)
  6 bats
  2 giant cockroaches (D:1)
  8 goblins
  5 hobgoblins
  3 jackals (D:1)
  4 kobolds (D:1)
  3 rats (D:1)
35 creatures vanquished.

Vanquished Creatures (collateral kills)
  A hobgoblin (D:1)
  A kobold (D:1)
2 creatures vanquished.

Grand Total: 37 creatures vanquished

Notes
Turn   | Place    | Note
-------+----------+-------------------------------------------
     0 | D:1      | unrecovered the Ogre Wanderer began the quest for the Orb.
     0 | D:1      | unrecovered set off with: a book of Changes, the Disquisition on Black Arts, Sif Muna's Compendium of Weightlessness, a +0 robe, a +0 club, a ration
     0 | D:1      | Reached XP level 1. HP: 16/16 MP: 2/2
     0 | D:1      | Identified the Disquisition on Black Arts
     0 | D:1      | Identified Sif Muna's Compendium of Weightlessness
   235 | D:1      | Reached skill level 1 in Fighting
   238 | D:1      | Learned a level 1 spell: Shock
   240 | D:1      | Learned a level 1 spell: Animate Skeleton
   401 | D:1      | Reached XP level 2. HP: 26/27 MP: 3/3
   403 | D:1      | Reached skill level 1 in Maces & Flails
   601 | D:1      | Reached skill level 2 in Fighting
   891 | D:1      | Reached XP level 3. HP: 29/35 MP: 4/4
  1576 | D:2      | Noticed Jessica
  1583 | D:2      | Killed Jessica
  1583 | D:2      | Reached skill level 3 in Fighting
  1583 | D:2      | Reached XP level 4. HP: 41/45 MP: 0/5
  1792 | D:2      | Noticed Sigmund
  1838 | D:2      | Mangled by Sigmund

Skill      XL: |  1  2  3 |
---------------+----------+-----
Fighting       | 1 2 3 |  3.3
Maces & Flails | 1 2 |  2.2
Stealth        | |  1.0
Spellcasting   | |  1.2
Conjurations   | |  1.0
Charms         | |  2.6
Transmutations | |  1.7
Air Magic      | |  1.0
Evocations     | |  1.0

Action                   |  1- 3 |  4- 6 || total
-------------------------+-------+-------++-------
Melee: Club              |   129 |    27 ||   156
Throw: Tomahawk          |       |     1 ||     1
 Cast: Shock             |     7 |     4 ||    11
       Animate Skeleton  |     4 |       ||     4
  Use: Potion            |       |     2 ||     2
  Eat: Chunk             |     3 |     1 ||     4
Armor: Robe              |    64 |    15 ||    79
Dodge: Dodged            |    94 |     9 ||   103
